 Dungeon Crawl Stone Soup version 0.20-a0-1074-g6a0a8e1 (webtiles) character file.

586 Alarkh the Chopper (level 7, 0/54 HPs)
             Began as a Demonspawn Monk on Apr 29, 2017.
             Was a Priest of Okawaru.
             Slain by an orc wizard
             ... wielding a +0 dagger
              (1 damage)
             ... on level 4 of the Dungeon.
             The game lasted 00:05:49 (5575 turns).

Alarkh the Chopper (Demonspawn Monk)                Turns: 5575, Time: 00:05:50

Health: 0/54       AC:  8    Str: 12    XL:     7   Next: 15%
Magic:  6/7        EV: 19    Int: 13    God:    Okawaru [***...]
Gold:   155        SH:  0    Dex: 20    Spells: 6/6 levels left

rFire    . . .     SeeInvis .   a - +0 hand axe
rCold    . . .     Gourm    .   (no shield)
rNeg     . . .     Faith    .   m - +0 ring mail
rPois    .         Spirit   .   (helmet restricted)
rElec    .         Reflect  .   k - +0 cloak
rCorr    .         Harm     .   (no gloves)
MR       .....                  f - +0 pair of boots
Stlth    +++.......             (no amulet)
Regen    0.2/turn               (no ring)
MPRegen  0.1/turn               (no ring)

@: agile, slowed, very slow
A: horns 2, repulsion field 1
a: Heroism, Renounce Religion


You were on level 4 of the Dungeon.
You worshipped Okawaru.
Okawaru was most pleased with you.
You were not hungry.

You visited 1 branch of the dungeon, and saw 4 of its levels.

You collected 155 gold pieces.

Inventory:

Hand Weapons
 a - a +0 hand axe (weapon)
Armour
 b - a +0 robe
 f - a +0 pair of boots (worn)
 k - a +0 cloak (worn)
 m - a +0 ring mail (worn)
Wands
 s - a wand of random effects (5/48)
Scrolls
 d - 2 scrolls of fog
 e - a scroll of identify
 h - 4 scrolls of teleportation
 i - 4 scrolls of remove curse
 j - 3 scrolls of random uselessness
 n - a scroll of enchant armour {unknown}
 q - a scroll of magic mapping {unknown}
 t - a scroll of enchant weapon {unknown}
Potions
 g - a potion of curing
 o - a potion of magic
Comestibles
 c - 2 bread rations
 l - 13 fruits
 p - a royal jelly
 v - 4 chunks of flesh


   Skills:
 + Level 4.0 Fighting
 + Level 5.1 Axes
 + Level 3.2 Armour
 + Level 3.3 Dodging
 + Level 3.4 Stealth


You had 6 spell levels left.
You didn't know any spells.

Dungeon Overview and Level Annotations

Branches:
Dungeon (4/15)
 Temple: D:4-7

Altars:
Nemelex Xobeh
Okawaru


Innate Abilities, Weirdness & Mutations

You have a pair of horns on your head.
You are surrounded by a mild repulsion field. (EV +2)


Message History

The orc wizard gestures at you while chanting.
The magic dart hits you!
* * * LOW HITPOINT WARNING * * *
The orc wizard misses you.
You slash the orc wizard!
The orc wizard is severely wounded.
The orc wizard casts a spell.
The orc wizard blinks!
The orc wizard gestures wildly while chanting.
The orc wizard seems to speed up.
You hit the orc wizard.
The orc wizard is almost dead.
The orc wizard hits you but does no damage. x2
You closely miss the orc wizard.
The orc wizard is almost dead.
The orc wizard points at you and mumbles some strange words.
The magic dart hits you!
* * * LOW HITPOINT WARNING * * *
The orc wizard hits you with a dagger.
You die...

#. #. #. ###. ###...
############ ###...##
...........#
###...###
######......###...###
.......@.[.)#...###
....##.o....!.### ..
#......)###
.........#
..#...##### .........
.....#... .........


You could see an orc wizard.

Vanquished Creatures
  Sigmund (D:3)
  An orc priest (D:4)
  Crazy Yiuf (D:2)
  2 orc wizards (D:3)
  A centaur skeleton (D:4)
  An iguana (D:4)
  2 worker ants (D:4)
  8 adders
  An ooze (D:2)
  2 adder skeletons (D:4)
  3 worms
  A dart slug (D:1)
  6 leopard geckos
  12 orcs
  2 ball pythons (D:1)
  9 bats
  3 giant cockroaches (D:1)
  12 goblins
  10 hobgoblins
  10 jackals
  8 kobolds
  A quokka (D:4)
  4 frilled lizards
  7 rats
108 creatures vanquished.

Notes
Turn   | Place    | Note
-------+----------+-------------------------------------------
     0 | D:1      | Alarkh the Demonspawn Monk began the quest for the Orb.
     0 | D:1      | Reached XP level 1. HP: 18/18 MP: 1/1
   427 | D:1      | Gained mutation: You are surrounded by a mild repulsion field. (EV +2) [demonic ancestry]
   427 | D:1      | Reached XP level 2. HP: 24/24 MP: 2/2
   556 | D:1      | Reached skill level 3 in Axes
  1370 | D:1      | Reached XP level 3. HP: 22/29 MP: 3/3
  2640 | D:1      | Gained mutation: You have a pair of small horns on your head. [demonic ancestry]
  2640 | D:1      | Reached XP level 4. HP: 32/35 MP: 4/4
  2798 | D:2      | Reached skill level 1 in Armour
  3172 | D:2      | Found an iron altar of Okawaru.
  3222 | D:2      | Found a runed door.
  3271 | D:2      | Became a worshipper of Warmaster Okawaru
  3271 | D:2      | Reached * piety under Okawaru
  3271 | D:2      | Reached ** piety under Okawaru
  3317 | D:2      | Noticed Crazy Yiuf
  3326 | D:2      | Killed Crazy Yiuf
  3618 | D:3      | Noticed Sigmund
  3858 | D:3      | Killed Sigmund
  3858 | D:3      | Reached skill level 4 in Axes
  3858 | D:3      | Gained mutation: You have a pair of horns on your head. [demonic ancestry]
  3858 | D:3      | Reached XP level 5. HP: 33/42 MP: 5/5
  3858 | D:3      | Reached XP level 6. HP: 38/48 MP: 6/6
  4561 | D:3      | Found a sparkling altar of Nemelex Xobeh.
  5154 | D:4      | Reached *** piety under Okawaru
  5558 | D:4      | Reached XP level 7. HP: 26/54 MP: 4/7
  5560 | D:4      | Reached skill level 5 in Axes
  5575 | D:4      | HP: 1/54 [orc wizard/magic dart (6)]
  5575 | D:4      | Slain by an orc wizard

Vault maps used:
D:1:      dpeg_arrival_three_same_balls, item_on_display_a
D:2:      lemuel_coloured_pillars_altar, minmay_misc_feat_alley,
          uniq_crazy_yiuf_cottage
D:3:      nemelex_xobeh_ov_fountains_minmay, uniq_sigmund
D:4:      chequers_temple_overflow_statue_of_worship, marbit_many_paths,
          minmay_vboxes

Skill      XL: |  1  2  3  4  5  6  7 |
---------------+----------------------+-----
Stealth        | 2 3 |  3.4
Axes           | 3 4 5 |  5.1
Armour         | 2 3 |  3.2
Dodging        | 3 |  3.3
Fighting       | 4 |  4.0

Action                   |  1- 3 |  4- 6 |  7- 9 || total
-------------------------+-------+-------+-------++-------
Melee: Hand axe          |   182 |   235 |    10 ||   427
       Headbutt          |       |    35 |     4 ||    39
       Punch             |       |     1 |       ||     1
Invok: Heroism           |       |     2 |       ||     2
  Use: Scroll            |     3 |     3 |       ||     6
       Potion            |     1 |     3 |     1 ||     5
 Stab: Sleeping          |     5 |     4 |       ||     9
       Distracted        |       |     1 |       ||     1
  Eat: Chunk             |     6 |     9 |       ||    15
Armor: Robe              |    16 |       |       ||    16
       Ring mail         |    30 |    65 |     4 ||    99
Dodge: Dodged            |   140 |   192 |    16 ||   348
